 Dungeon Crawl Stone Soup version 0.22-a0-49-g614aadd (webtiles) character file.

2826 KristoblXynda the Slasher (level 9, -15/73 HPs)
             Began as a Naga Gladiator on Jan 8, 2018.
             Was an Initiate of Ashenzari.
             Demolished by an orc warrior
             ... wielding a +0 halberd
              (22 damage)
             ... on level 7 of the Dungeon.
             The game lasted 00:16:05 (6896 turns).

KristoblXynda the Slasher (Naga Gladiator)          Turns: 6896, Time: 00:16:06

Health: -15/73     AC: 11    Str: 18    XL:     9   Next: 73%
Magic:  8/11       EV: 11    Int: 11    God:    Ashenzari [......]
Gold:   521        SH:  0    Dex: 12    Spells: 8/8 levels left

rFire    . . .     SeeInvis +   a - +0 long sword
rCold    . . .     Gourm    .   (no shield)
rNeg     + . .     Faith    .   r - +1 ring mail {rPois}
rPois    +         Spirit   .   c - +0 helmet
rElec    .         Reflect  .   A - +0 cloak
rCorr    .         Harm     .   k - +0 pair of gloves
MR       ++...                  (no barding)
Stlth    ++........             u - amulet of regeneration (curse)
HPRegen  0.62/turn              p - ring of positive energy
MPRegen  0.12/turn              y - ring of protection from magic

@: very slow
A: large, see invisible, deformed body, poison resistance, slowness 2, slow
metabolism 1, spit poison 1, AC +3
a: Spit Poison, Curse Item, Renounce Religion


You were on level 7 of the Dungeon.
You worshipped Ashenzari.
Ashenzari was noncommittal.
You were not hungry.

You visited 2 branches of the dungeon, and saw 8 of its levels.

You collected 521 gold pieces.

Inventory:

Hand Weapons
 a - a +0 long sword (weapon)
 e - a +0 scimitar
Missiles
 d - 3 throwing nets (quivered)
Armour
 c - a +0 helmet (worn)
 k - a +0 pair of gloves (worn)
 r - a +1 ring mail of poison resistance (worn)
 A - a +0 cloak (worn)
Jewellery
 p - a ring of positive energy (left hand)
 t - an uncursed ring of magical power
 u - a cursed amulet of regeneration (around neck)
 y - a ring of protection from magic (right hand)
Wands
 b - a wand of random effects (24)
Scrolls
 h - a scroll of fear {unknown}
 l - 2 scrolls of magic mapping
 o - a scroll of immolation
 v - a scroll of acquirement {unknown}
 w - a scroll of noise {unknown}
 C - 2 scrolls of teleportation
 D - a scroll of identify
Potions
 g - a potion of degeneration {unknown}
 i - 2 potions of curing
 j - 3 potions of flight
 m - 2 potions of lignification
 n - 2 potions of brilliance {unknown}
 q - a potion of might
 s - a potion of agility
 x - a potion of heal wounds
 z - 2 potions of invisibility {unknown}
 B - 2 potions of mutation {unknown}
Comestibles
 f - 12 rations


   Skills:
 - Level 2.0 Fighting
 + Level 7.9 Long Blades
 - Level 2.2 Throwing
 - Level 5.0 Armour
 + Level 6.5 Dodging
 + Level 5.1 Stealth
 + Level 3.1 Evocations


You had 8 spell levels left.
You didn't know any spells.

Dungeon Overview and Level Annotations

Branches:
Dungeon (7/15)             Temple (1/1) D:4

Altars:
Ashenzari
Cheibriados
Dithmenos
Elyvilon
Fedhas
Hepliaklqana
Kikubaaqudgha
Makhleb
Nemelex Xobeh
Qazlal
Sif Muna
Trog
Uskayaw
Vehumet
Wu Jian
Xom
Yredelemnul
Zin
The Shining One


Innate Abilities, Weirdness & Mutations

You cannot wear boots.
Your serpentine skin is tough. (AC +3)
You have supernaturally acute eyesight. (SInv)
Armour fits poorly on your strangely shaped body.
Your system is resistant to poisons. (rPois)
You cover ground very slowly.
You have a slow metabolism.
You can spit poison.


Message History

The orc warrior hits you from afar with a halberd!
The orc hits you with an antimagic trident.
The orc warrior hits you from afar with a halberd.
You have got your breath back.
The orc zaps a wand.
You shrug off the repeated paralysis!
The orc zaps a wand.
You resist with almost no effort.
The orc warrior drinks a potion.
The orc warrior seems to grow stronger.
You can move again.
The orc closely misses you.
The orc warrior hits you with a halberd!!!
Ouch! That really hurt!
* * * LOW HITPOINT WARNING * * *
The orc barely misses you. The orc warrior closely misses you.
You see here a stone.
Unknown command.
The orc hits you from afar with an antimagic trident!
* * * LOW HITPOINT WARNING * * *
You feel your power leaking away.
The orc warrior hits you with a halberd!!
You die...

#### ..... .....#####
.......@.#
.......o(######...
........o'(.......
.........#########
..###....###### #####
. #..........###...#
#...........##...####
#............'...'...
#............#...###.


You could see an orc warrior and an orc.

Vanquished Creatures
  Sigmund (D:2)
  Eustachio (D:5)
  3 sky beasts
  An orc warrior (D:5)
  An ice beast (D:5)
  A black bear (D:6)
  4 ogres
  A phantom (D:4)
  3 centaurs (D:7)
  3 bullfrogs
  A howler monkey (D:6)
  4 electric eels (D:7)
  A bullfrog zombie (D:6)
  4 hounds
  A jelly (D:6)
  5 orc priests
  3 orc wizards
  Jessica (D:3)
  An iguana (D:6)
  3 worker ants (D:7)
  A worker ant zombie (D:6)
  A howler monkey skeleton (D:6)
  15 adders
  6 gnolls
  2 shadow imps
  5 oozes
  An adder skeleton (D:5)
  10 dart slugs
  5 leopard geckos
  15 orcs
  A giant cockroach (D:4)
  8 goblins
  11 hobgoblins
  10 jackals
  9 kobolds
  3 quokkas
  4 ball pythons
  9 bats
  7 frilled lizards
  A quokka skeleton (D:5)
  11 rats
  2 fungi (D:6)
180 creatures vanquished.

Vanquished Creatures (others)
  A jackal skeleton (D:7)
1 creature vanquished.

Grand Total: 181 creatures vanquished

Notes
Turn   | Place    | Note
-------+----------+-------------------------------------------
     0 | D:1      | KristoblXynda the Naga Gladiator began the quest for the Orb.
     0 | D:1      | Reached XP level 1. HP: 19/19 MP: 1/1
    52 | D:1      | Reached XP level 2. HP: 3/26 MP: 2/2
   603 | D:1      | Reached XP level 3. HP: 21/32 MP: 3/3
  1265 | D:2      | Reached XP level 4. HP: 35/39 MP: 4/4
  1325 | D:2      | Reached skill level 1 in Armour
  1334 | D:2      | Found a snail-covered altar of Cheibriados.
  1517 | D:2      | Noticed Sigmund
  1538 | D:2      | Killed Sigmund
  1538 | D:2      | Reached skill level 4 in Long Blades
  1538 | D:2      | Reached XP level 5. HP: 27/45 MP: 5/5
  1540 | D:2      | Reached XP level 6. HP: 32/52 MP: 6/6
  1574 | D:2      | Found a radiant altar of Vehumet.
  1965 | D:3      | Found a hide-covered altar of Uskayaw.
  1969 | D:3      | Noticed a dagger
  1969 | D:3      | Noticed a hand axe
  2115 | D:3      | Noticed Jessica
  2123 | D:3      | Found a deep blue altar of Sif Muna.
  2126 | D:3      | Killed Jessica
  2332 | D:3      | Found a basalt altar of Yredelemnul.
  2666 | D:4      | Reached skill level 5 in Long Blades
  2666 | D:4      | Reached XP level 7. HP: 44/60 MP: 7/7
  2689 | D:4      | Found a staircase to the Ecumenical Temple.
  2720 | D:4      | Found a stormy altar of Qazlal.
  2737 | D:5      | Entered Level 5 of the Dungeon
  2754 | Temple   | Entered the Ecumenical Temple
  2905 | Temple   | Became a worshipper of Ashenzari the Shackled
  3752 | D:4      | Found an ornate altar of the Wu Jian Council.
  4004 | D:5      | Reached XP level 8. HP: 67/67 MP: 8/8
  4144 | D:5      | Noticed Eustachio
  4163 | D:5      | Killed Eustachio
  4163 | D:5      | Reached skill level 6 in Long Blades
  4163 | D:5      | Reached skill level 5 in Dodging
  4337 | D:5      | Found a sparkling altar of Nemelex Xobeh.
  4925 | D:6      | Reached skill level 7 in Long Blades
  4929 | D:6      | Reached skill level 5 in Armour
  5111 | D:6      | Reached XP level 9. HP: 71/73 MP: 9/9
  5183 | D:6      | Reached skill level 1 in Stealth
  5243 | D:6      | Reached skill level 1 in Evocations
  5431 | D:6      | Found a shimmering altar of Xom.
  5488 | D:6      | Found a hazy altar of Hepliaklqana.
  6599 | D:7      | Reached skill level 5 in Stealth
  6891 | D:7      | Paralysed by an orc for 4 turns
  6896 | D:7      | Demolished by an orc warrior

Vault maps used:
D:1:      lightli_arrival_statue_moat
D:2:      cheibriados_altar_1, vehumet_crystals, minmay_misc_feat_diagonals,
          uniq_sigmund
D:3:      dancing_weapons_uskayaw, overflow_temple_1_default, tgw_sif
D:4:      kennysheep_mini_moat, nicolae_qazlal_general_emergency,
          minmay_temple_entry_poolview
D:5:      nemelex_xobeh_ov_fountains_minmay, first_ration, uniq_eustachio
D:6:      lemuel_crystal_altar, minmay_gold_behind_fungi, tgw_xom
D:7:      kennysheep_slugbush
Temple:   zaba_magenta_temple

Skill      XL: |  1  2  3  4  5  6  7  8  9 |
---------------+----------------------------+-----
Throwing       | 2 |  2.2
Dodging        | 3 4 5 6 |  6.5
Armour         | 2 3 5 |  5.0
Long Blades    | 4 5 7 |  7.9
Stealth        | 5 |  5.1
Evocations     | 3 |  3.1
Fighting       | |  2.0

Action                   |  1- 3 |  4- 6 |  7- 9 || total
-------------------------+-------+-------+-------++-------
Melee: Long sword        |    89 |   145 |   439 ||   673
Invok: Curse Item        |       |       |     1 ||     1
 Abil: Spit Poison       |    10 |    11 |    25 ||    46
Evoke: Wand              |       |       |    17 ||    17
  Use: Potion            |       |     1 |     3 ||     4
       Scroll            |       |     4 |     9 ||    13
 Stab: Paralysed         |       |       |     1 ||     1
       Sleeping          |       |       |     1 ||     1
  Eat: Ration            |     1 |       |     2 ||     3
       Chunk             |       |     2 |     7 ||     9
Armor: Leather armour    |    38 |     1 |       ||    39
       Ring mail         |       |    69 |   215 ||   284
       Skin              |       |       |    47 ||    47
Dodge: Dodged            |    66 |   105 |   251 ||   422
       Rpst.: Long sword |    29 |    33 |    75 ||   137

Table legend:
 A = Spawn XP
 B = Non-spawn XP
 C = Spawn XP percentage of total XP
 D = Spawn monster count
 E = Non-spawn monster count
 F = Spawn count percentage of total count
 G = Total turns spent on level
                    A         B        C        D         E        F      G
               +---------+---------+-------+---------+---------+-------+---------
         Total |       0 |    4038 |   0.0 |       0 |     179 |   0.0 |  6896
               +---------+---------+-------+---------+---------+-------+---------
           D:1 |       0 |      49 |   0.0 |       0 |      28 |   0.0 |  1033
           D:2 |       0 |     309 |   0.0 |       0 |      28 |   0.0 |   880
           D:3 |       0 |     171 |   0.0 |       0 |      26 |   0.0 |   630
           D:4 |       0 |     473 |   0.0 |       0 |      18 |   0.0 |  1213
           D:5 |       0 |    1122 |   0.0 |       0 |      24 |   0.0 |   953
           D:6 |       0 |     934 |   0.0 |       0 |      30 |   0.0 |  1012
           D:7 |       0 |     980 |   0.0 |       0 |      25 |   0.0 |  1006
               +---------+---------+-------+---------+---------+-------+---------
